 Dungeon Crawl Stone Soup version 0.24-a0-380-g7ade4d1b3c (webtiles) character file.

Game seed: 6051644839118996093

1265 Mithandil the Chopper (level 8, 59/70 HPs)
             Began as a Hill Orc Fighter on June 3, 2019.
             Quit the game on level 4 of the Dungeon on June 27, 2019.
             The game lasted 00:21:29 (3993 turns).

Mithandil the Chopper (Hill Orc Fighter)            Turns: 3993, Time: 00:21:30

Health: 59/70      AC: 14    Str: 21    XL:     8   Next: 52%
Magic:  8/8        EV:  6    Int:  8    God:
Gold:   154        SH: 10    Dex: 10    Spells: 7/7 levels left

rFire    . . .     SeeInvis .   a - +1 war axe
rCold    . . .     Gourm    .   c - +0 shield
rNeg     . . .     Faith    .   t - +0 chain mail
rPois    +         Spirit   .   l - +1 helmet
rElec    .         Reflect  .   q - +0 cloak
rCorr    .         Harm     .   i - +0 pair of gloves
MR       .....                  (no boots)
Stlth    ..........             (no amulet)
HPRegen  0.21/turn              p - ring of poison resistance
MPRegen  0.11/turn              (no ring)

@: no status effects
A: no striking features
a: no special abilities


You were on level 4 of the Dungeon.
You were not hungry.

You visited 1 branch of the dungeon, and saw 5 of its levels.
You also visited: Sewer.

You collected 154 gold pieces.

Inventory:

Hand Weapons
 a - a +1 war axe (weapon)
 b - a +2 vampiric spear
 u - a +0 halberd
Missiles
 e - 97 stones
 m - 8 boomerangs (quivered)
 s - 5 large rocks
Armour
 c - a +0 shield (worn)
 i - a +0 pair of gloves (worn)
 l - a +1 helmet (worn)
 q - a +0 cloak (worn)
 t - a +0 chain mail (worn)
Jewellery
 p - a ring of poison resistance (left hand)
Scrolls
 g - a scroll of teleportation
 h - a scroll of remove curse
 j - a scroll of identify
 k - a scroll of fog
Potions
 d - a potion of might
 n - a potion of berserk rage {unknown}
 o - a potion of heal wounds
Comestibles
 f - 11 rations


   Skills:
 + Level 5.9 Fighting
 * Level 7.5(8.0) Axes
 + Level 3.5(5.3) Polearms
 + Level 5.3 Armour
 * Level 6.8 Shields


You had 7 spell levels left.
You didn't know any spells.
Your spell library was empty.

Dungeon Overview and Level Annotations

Branches:
Dungeon (5/15)
 Temple: D:4-7

Altars:
Cheibriados
Gozag
Wu Jian

Annotations:
D:2 Sigmund


Message History

You block Pikel's attack.
You slash Pikel!
Pikel is almost dead.
Pikel hits you but does no damage.
Pikel hits you with a +0 whip of freezing.
Pikel freezes you.
You slash Pikel!
You kill Pikel!
Your base Axes skill increases to level 7!
Your base Polearms skill increases to level 3!
Your Armour skill increases to level 5!
You have reached level 8!
With Pikel's spell broken, the former slave thanks you for its freedom.
The freed slave hits the quokka.
The quokka bites you but does no damage.
Welcome back, Mithandil the Hill Orc Fighter.
Press ? for a list of commands and other information.
Unknown command.
Okay, then.
Are you sure you want to abandon this character and quit the game? (Confirm with "yes".)

#.#.# #.# #.# #....
#...#
#######################
##.##
#...#..'.##..#..#..#..'
#†#
###...##..##...##.##.##
#.#
#.##..#..#.##..#..#..#.
#.#
#....###..#.##...##.###
#.#
###..#.....#.##..#..#..
#.###
#.#.###rp#..#.##...###.
#...#
#...#.@##.#..#.##..#..#
###.#
##.###..##.#..#.#####..
#.#
#[.#..#####.#..#.##.)##
#.#
#.###..#..##.#..#.##..#
#.#
#.#..###.^.##.#..#..###
#.#
####..#..#..##.#.....#.
#.#
#..###.##...##.#..###.
#.#
###..#..#..#..##.#..#..
#.#
#..###.##.##...##..##..


You could see a quokka and a neutral freed slave (wandering).

Vanquished Creatures
  Pikel (D:4)
  Duvessa (D:4)
  3 slaves (D:4)
  Purgy (D:3)
  An ogre (D:4)
  Dowan (D:4)
  A hound (D:4)
  2 orc wizards (D:3)
  5 worker ants (D:4)
  A hound skeleton (D:4)
  Robin (D:3)
  7 gnolls
  A howler monkey skeleton (D:4)
  7 adders
  An adder skeleton (D:4)
  An adder zombie (D:5)
  4 worms
  5 dart slugs
  5 orcs
  6 bats
  3 giant cockroaches
  16 goblins
  7 hobgoblins
  8 jackals
  A quokka (D:4)
  4 ball pythons
  8 frilled lizards
  2 kobolds
  5 rats
109 creatures vanquished.

Notes
Turn   | Place    | Note
-------+----------+-------------------------------------------
     0 | D:1      | Mithandil the Hill Orc Fighter began the quest for the Orb.
     0 | D:1      | Reached XP level 1. HP: 19/19 MP: 1/1
   150 | D:2      | Noticed Sigmund
   269 | D:1      | Reached skill level 3 in Axes
   269 | D:1      | Reached XP level 2. HP: 27/27 MP: 2/2
   802 | D:2      | Found an ornate altar of the Wu Jian Council.
   810 | D:2      | Reached XP level 3. HP: 30/33 MP: 3/3
   828 | D:2      | Reached XP level 4. HP: 26/40 MP: 4/4
  1187 | D:3      | Found a glowing drain.
  1194 | D:3      | Reached skill level 4 in Axes
  1205 | Sewer    | Entered a sewer
  1230 | Sewer    | Noticed Purgy
  1270 | D:3      | Killed Purgy
  1270 | D:3      | Reached skill level 1 in Polearms
  1270 | D:3      | Reached XP level 5. HP: 22/47 MP: 5/5
  1591 | D:3      | Found an opulent altar of Gozag.
  1839 | D:2      | Found a snail-covered altar of Cheibriados.
  1850 | D:2      | Reached XP level 6. HP: 48/53 MP: 6/6
  1905 | D:3      | Reached skill level 5 in Axes
  2182 | D:3      | Noticed Robin
  2195 | D:3      | Killed Robin
  2195 | D:3      | Reached skill level 5 in Shields
  2566 | D:4      | Noticed Duvessa
  2566 | D:4      | Noticed Dowan
  2572 | D:5      | Entered Level 5 of the Dungeon
  2588 | D:4      | Killed Duvessa
  2588 | D:4      | Reached skill level 5 in Fighting
  2588 | D:4      | Reached XP level 7. HP: 19/61 MP: 7/7
  2601 | D:4      | Killed Dowan
  2935 | D:4      | Reached skill level 6 in Axes
  3652 | D:4      | Noticed Pikel
  3992 | D:4      | Killed Pikel
  3992 | D:4      | Reached skill level 7 in Axes
  3992 | D:4      | Reached skill level 5 in Armour
  3992 | D:4      | Reached XP level 8. HP: 59/70 MP: 8/8
  3993 | D:4      | Quit the game

Levels and vault maps discovered:
D:1:      lightli_molten_gateway, layout_basic
D:2:      layout_rooms, lemuel_zombie_altar_yredelemnul, cheibriados_altar_1,
          old_standard_altar, tgw_xom, fedhas_altar_3, uniq_sigmund,
          uniq_crazy_yiuf_cottage
D:3:      layout_loops_corners, lemuel_doored_altar,
          cheibrodos_sewer_entry_sluice, uniq_robin
D:4:      minmay_razor_zed, layout_loops_ring, first_ration, uniq_duvessa,
          uniq_pikel
D:5:      layout_rooms, old_standard_altar, serial_undead, serial_undead_e,
          serial_undead_f, serial_undead_f, serial_undead_b, serial_undead_a,
          serial_undead_d, serial_undead_f

Skill      XL: |  1  2  3  4  5  6  7 |
---------------+----------------------+-----
Axes           | 3 4 5 7 |  7.5
Fighting       | 4 5 |  5.9
Shields        | 4 5 6 |  6.8
Polearms       | 1 2 3 |  3.5
Armour         | 4 5 |  5.3

Action                   |  1- 3 |  4- 6 |  7- 9 || total
-------------------------+-------+-------+-------++-------
Melee: War axe           |    53 |   150 |   111 ||   314
       Spear             |       |    40 |     7 ||    47
  Use: Scroll            |     5 |     3 |     8 ||    16
       Potion            |       |       |     2 ||     2
  Eat: Ration            |       |     2 |     1 ||     3
Armor: Scale mail        |    21 |    89 |       ||   110
       Chain mail        |       |    38 |    68 ||   106
Dodge: Dodged            |    21 |    83 |    19 ||   123
Block: Shield            |    30 |   132 |    66 ||   228

Table legend:
 A = Non-vault XP
 B = Vault XP
 C = Vault XP percentage of total XP
 D = Non-vault monster count
 E = Vault monster count
 F = Vault count percentage of total count
                 A         B        C        D         E       F
            +---------+---------+-------+---------+---------+-------
      Total |     580 |    1228 |  67.9 |      77 |      29 |  27.4
            +---------+---------+-------+---------+---------+-------
        D:1 |      29 |       0 |   0.0 |      15 |       0 |   0.0
        D:2 |     114 |       0 |   0.0 |      21 |       0 |   0.0
        D:3 |     126 |     165 |  56.7 |      23 |      14 |  37.8
        D:4 |     311 |    1043 |  77.0 |      18 |      11 |  37.9
        D:5 |       0 |       5 | 100.0 |       0 |       1 | 100.0
      Sewer |       0 |      15 | 100.0 |       0 |       3 | 100.0
            +---------+---------+-------+---------+---------+-------
